Map: Newkirk Precinct TE (Void)

Players

HEMORRHOIDS - Winner!

  • Race: Protoss Protoss
  • League: Diamond
  • Spawn Location: 5:00

SevenXSephi

  • Race: Zerg Zerg
  • Spawn Location: 7:00

VOD

Have the link to the VOD?

Description

Time

  • Played on: Feb. 18, 2017, 4:01 p.m.
  • Length: 20:58
Show
View Real Time Build Order
Export as new Build Order

HEMORRHOIDS Protoss - Winner!

Build Orders:  

Get SALT Encoding   

  12  0:01  Probe (Chrono Boost)  
  13  0:12  Probe (Chrono Boost)  
  14  0:22  Probe (Chrono Boost)  
  14  0:28  Pylon  
  15  0:46  Probe (Chrono Boost)  
  15  0:49  Forge  
  16  0:57  Probe (Chrono Boost)  
  17  1:07  Probe (Chrono Boost)  
  18  1:18  Probe (Chrono Boost)  
  19  1:39  Pylon  
  19  1:42  Gateway  
  19  1:45  Pylon  
  19  1:54  Pylon  
  19  1:59  Photon Cannon  
  19  2:02  Photon Cannon  
  19  2:08  Photon Cannon  
  19  2:09  Pylon  
  18  2:27  Photon Cannon  
  18  2:28  Photon Cannon  
  18  2:30  Photon Cannon  
  18  2:34  Probe (Chrono Boost)  
  19  2:44  Probe (Chrono Boost)  
  19  2:45  Pylon  
  20  2:55  Probe (Chrono Boost)  
  21  3:03  Photon Cannon  
  21  3:06  Photon Cannon  
  21  3:10  Photon Cannon  
  21  3:18  Probe (Chrono Boost)  
  21  3:19  Assimilator  
  22  3:24  Assimilator  
  22  3:48  Cybernetics Core  
  22  3:49  Photon Cannon  
  22  3:54  Probe (Chrono Boost)  
  23  4:05  Probe (Chrono Boost)  
  24  4:15  Probe (Chrono Boost)  
  25  4:24  Pylon  
  25  4:27  Nexus  
  25  4:30  Probe (Chrono Boost)  
  26  4:42  Photon Cannon  
  26  4:49  Pylon  
  26  4:51  Probe (Chrono Boost)  
  27  4:57  Stalker  
  29  5:01  Probe (Chrono Boost)  
  30  5:08  Pylon  
  30  5:20  Mothership Core (Chrono Boost)  
  32  5:27  Pylon  
  32  5:33  Assimilator  
  32  5:37  Assimilator  
  32  5:40  Stargate  
  32  5:46  Stargate  
  32  5:48  Probe (Chrono Boost)  
  33  5:56  Probe (Chrono Boost)  
  34  6:07  Probe (Chrono Boost)  
  34  6:10  Stargate  
  35  6:18  Probe (Chrono Boost)  
  36  6:21  Pylon  
  36  6:29  Pylon  
  36  6:33  Probe (Chrono Boost)  
  37  6:43  Probe (Chrono Boost)  
  32  6:54  Probe (Chrono Boost)  
  32  6:55  Void Ray  
  28  7:06  Probe (Chrono Boost)  
  26  7:13  Void Ray  
  30  7:30  Pylon  
  30  7:43  Void Ray  
  34  7:54  Pylon  
  34  8:03  Void Ray  
  38  8:28  Forge  
  38  8:33  Pylon  
  38  8:51  Void Ray  
  42  9:06  Photon Cannon  
  42  9:23  Void Ray  
  46  9:34  Photon Cannon  
  27  10:23  Probe (Chrono Boost)  
  27  10:35  Probe (Chrono Boost)  
  28  10:47  Probe (Chrono Boost)  
  29  11:13  Probe (Chrono Boost)  
  31  11:25  Probe (Chrono Boost)  
  31  12:46  Pylon  
  31  12:49  Pylon  
  31  13:03  Oracle  
  35  13:05  Probe (Chrono Boost)  
  35  13:18  Probe (Chrono Boost)  
  28  13:32  Oracle  
  28  13:40  Probe (Chrono Boost)  
  32  14:03  Oracle  
  32  14:08  Probe (Chrono Boost)  
  36  14:20  Probe (Chrono Boost)  
  38  14:32  Probe (Chrono Boost)  
  38  14:44  Probe (Chrono Boost)  
  36  14:47  Oracle  
  39  14:56  Probe (Chrono Boost)  
  41  15:08  Probe (Chrono Boost)  
  41  15:20  Probe (Chrono Boost)  
  42  15:33  Probe (Chrono Boost)  
  43  15:45  Probe (Chrono Boost)  
  45  15:57  Probe (Chrono Boost)  
  45  16:00  Photon Cannon  
  45  16:02  Photon Cannon  
  45  16:09  Probe (Chrono Boost)  
  46  16:16  Pylon  
  46  16:21  Probe (Chrono Boost)  
  47  16:34  Oracle  
  47  16:36  Probe (Chrono Boost)  
  51  16:46  Nexus  
  51  16:54  Oracle  
  51  16:56  Probe (Chrono Boost)  
  51  17:54  Oracle  
  51  18:11  Oracle  
  51  18:15  Pylon  
  51  18:17  Pylon  
  51  18:19  Pylon  
  54  18:21  Assimilator  
  54  18:25  Assimilator  
  54  18:41  Photon Cannon  
  54  18:43  Photon Cannon  
  54  18:45  Photon Cannon  
  54  18:49  Photon Cannon  
  57  19:14  Phoenix  
  57  19:17  Phoenix  
  58  19:25  Pylon  
  58  19:42  Phoenix  
  59  19:57  Photon Cannon  
  59  19:58  Photon Cannon  
  59  20:01  Phoenix  
  61  20:10  Phoenix  
  63  20:27  Phoenix  
Show
View Real Time Build Order
Export as new Build Order

SevenXSephi Zerg 

Build Orders: 3 Hatch before Pool 

Get SALT Encoding   

  12  0:01  Drone  
  13  0:09  Drone  
  14  0:20  Overlord  
  14  0:23  Extractor  
  14  0:24  Drone  
  15  0:39  Drone x2  
  17  0:44  Drone  
  18  0:58  Hatchery  
  18  1:00  Drone  
  18  1:27  Hatchery  
  17  1:34  Spawning Pool  
  17  1:39  Drone  
  17  1:42  Drone  
  18  1:48  Drone  
  18  1:50  Drone  
  20  2:01  Drone  
  21  2:31  Queen, Spine Crawler  
  21  2:32  Spine Crawler  
  21  2:39  Queen  
  23  2:53  Roach Warren  
  23  2:56  Extractor  
  21  3:03  Queen  
  23  3:05  Zergling x2  
  24  3:14  Zergling x4  
  24  3:15  Zergling x2  
  24  3:18  Zergling x2  
  26  3:23  Zergling x2  
  26  3:25  Zergling x2  
  27  3:36  Zergling x2  
  27  3:56  Overlord  
  27  3:57  Overlord  
  27  4:14  Queen  
  27  4:16  Drone  
  27  4:17  Drone x4  
  31  4:18  Drone  
  31  4:24  Metabolic Boost  
  34  4:41  Zergling x6  
  34  4:42  Baneling Nest, Zergling x2  
  37  4:46  Zergling x2  
  38  4:54  Zergling x6  
  38  4:56  Zergling x2  
  42  5:01  Overlord  
  42  5:07  Zergling x2  
  42  5:12  Overlord  
  43  5:20  Zergling x4  
  45  5:23  Zergling x4  
  45  5:27  Zergling x4  
  49  5:30  Zergling x2  
  49  5:33  Zergling x2  
  49  5:35  Zergling x2  
  52  5:39  Zergling x2  
  52  5:42  Baneling x3  
  53  5:44  Baneling x2  
  53  5:46  Baneling  
  53  5:48  Baneling  
  53  5:54  Baneling  
  53  5:55  Overlord  
  47  6:26  Zergling x8  
  47  6:27  Zergling x12  
  57  6:35  Zergling x4  
  59  6:47  Zergling x6  
  57  6:48  Zergling x2  
  57  6:49  Zergling x2  
  57  6:52  Baneling x4  
  57  6:53  Zergling x4  
  54  7:38  Baneling  
  54  7:39  Baneling x3  
  54  7:40  Roach x3  
  60  7:46  Overlord x2  
  60  7:47  Overlord  
  59  7:57  Overlord x3  
  59  8:11  Zergling x4  
  59  8:14  Zergling x2  
  59  8:15  Zergling x6  
  59  8:16  Zergling x4  
  59  8:19  Zergling x2  
  60  8:20  Drone  
  60  8:22  Drone  
  61  8:44  Lair  
  61  8:45  Drone x6  
  61  8:46  Extractor  
  63  8:58  Queen  
  65  9:05  Drone x5  
  64  9:20  Ravager x2  
  62  9:25  Spore Crawler x2  
  57  9:33  Spore Crawler  
  57  9:37  Spore Crawler x2  
  46  9:38  Spore Crawler  
  38  10:06  Hydralisk Den  
  30  10:09  Queen  
  26  10:35  Hydralisk  
  26  10:36  Hydralisk  
  28  10:44  Queen  
  28  10:55  Hydralisk  
  30  11:10  Hydralisk Den  
  29  11:25  Hatchery  
  21  11:45  Zergling x10  
  26  11:58  Extractor  
  25  12:09  Extractor  
  23  12:24  Drone x3  
  23  12:26  Hatchery  
  22  12:51  Hydralisk  
  22  13:45  Extractor  
  22  13:47  Drone x3  
  19  14:44  Drone x6  
  22  14:50  Extractor  
  22  14:51  Extractor  
  20  15:02  Lair  
  20  15:07  Drone  
  20  15:11  Zergling x2  
  22  15:18  Drone  
  22  15:20  Drone  
  24  15:28  Drone  
  24  15:33  Drone  
  26  15:39  Drone  
  27  15:43  Drone  
  27  15:46  Drone  
  29  16:04  Hydralisk Den  
  28  16:25  Hatchery  
  28  16:27  Spire  
  28  16:31  Drone  
  27  16:40  Drone x2  
  29  16:47  Drone  
  30  16:56  Overseer  
  30  17:03  Overlord  
  30  17:05  Overlord  
  25  17:41  Mutalisk x5  
  27  17:49  Drone  
  26  18:27  Mutalisk  
  28  18:42  Drone  
  28  18:43  Drone  
  30  18:48  Drone  
  31  18:58  Drone  
  32  19:19  Mutalisk x2  
  36  19:25  Drone  
  36  19:31  Drone  
  38  19:38  Drone x2  
  40  19:44  Drone  
  41  19:50  Drone  
  41  19:51  Drone  
Tags
 
Add a new tag
Caveats
  • Supply blocks, unpowered buildings, or Contaminate may cause inaccurate times.
  • Supply counts are checked every 10 seconds.